 Dungeon Crawl Stone Soup version 0.23.2 (webtiles) character file.

Game seed: 14850473864981226960

77 Menchi the Skirmisher (level 4, -1/40 HPs)
             Began as a Ghoul Fighter on Apr 6, 2019.
             Was an Initiate of Yredelemnul.
             Killed by divine providence
             ... invoked by an orc priest
              (10 damage)
             ... on level 3 of the Dungeon.
             The game lasted 00:04:04 (1404 turns).

Menchi the Skirmisher (Ghoul Fighter)               Turns: 1404, Time: 00:04:04

Health: -1/40      AC:  6    Str: 24    XL:     4   Next: 34%
Magic:  3/3        EV: 10    Int:  4    God:    Yredelemnul [......]
Gold:   94         SH:  2    Dex:  8    Spells: 3/3 levels left

rFire    . . .     SeeInvis .   a - +0 long sword
rCold    + . .     Gourm    .   (no shield)
rNeg     + + +     Faith    .   b - +0 scale mail
rPois    ∞         Spirit   .   (no helmet)
rElec    .         Reflect  +   (no cloak)
rCorr    .         Harm     .   (no gloves)
MR       .....                  (no boots)
Stlth    ..........             o - +2 amulet of reflection
HPRegen  0.00/turn              (no ring)
MPRegen  0.08/turn              (no ring)

@: mighty, rotting
A: rotting body, claws 1, carnivore, cold resistance 1, negative energy
resistance 3, inhibited regeneration, torment resistance, unbreathing
a: Renounce Religion


You were on level 3 of the Dungeon.
You worshipped Yredelemnul.
Yredelemnul was noncommittal.
You were not hungry.

You visited 1 branch of the dungeon, and saw 3 of its levels.

You collected 94 gold pieces.

Inventory:

Hand Weapons
 a - a +0 long sword (weapon)
Armour
 b - a +0 scale mail (worn)
Jewellery
 o - a +2 amulet of reflection (around neck)
Wands
 m - a wand of disintegration (10)
Scrolls
 c - a scroll of fog {unknown}
 g - 3 scrolls of teleportation {unknown}
 h - a scroll of identify {unknown}
 i - a scroll of enchant armour {unknown}
 n - a scroll of magic mapping {unknown}
 p - a scroll of remove curse {unknown}
Potions
 e - a potion of heal wounds {unknown}
 j - a potion of brilliance {unknown}
 k - a potion of agility {unknown}
 l - a potion of curing {unknown}
Comestibles
 f - 4 rations


   Skills:
 * Level 4.2 Fighting
 * Level 3.0 Long Blades
 - Level 2.6 Armour
 * Level 1.2 Dodging
   Level 2.6 Shields


You had 3 spell levels left.
You didn't know any spells.
Your spell library was empty.

Dungeon Overview and Level Annotations

Branches:
Dungeon (3/15)

Altars:
Elyvilon
Okawaru
Uskayaw
Vehumet
Xom
Yredelemnul


Innate Abilities, Weirdness & Mutations

Your body is rotting away.
You thrive on raw meat.
You are immune to poison.
You have sharp fingernails.
You are carnivorous and can eat meat at any time.
Your flesh is cold resistant. (rC+)
You are immune to negative energy. (rN+++)
You do not regenerate when monsters are visible.
You are immune to unholy pain and torment.
You can survive without breathing.


Message History

The goblin barely misses you.
You riposte.
You hit the goblin.
You kill the goblin!
Yredelemnul accepts your kill.
The orc priest invokes the aid of Beogh against you.
Beogh smites you!
The orc priest invokes the aid of Beogh against you.
Beogh smites you!
* * * LOW HITPOINT WARNING * * *
An adder comes into view.
Okay, then.
You feel very mighty all of a sudden.
You are too injured to fight recklessly!
You are too injured to fight recklessly!
The orc wizard casts a spell.
The orc wizard flickers and vanishes!
Deactivating autopickup; reactivate with Ctrl-A.
The orc priest invokes the aid of Beogh against you.
Beogh smites you!
You die...
Yredelemnul claims you as an undead slave.

#########
.......<#
#######.# #.#
#.# #.# ####.#
#.##@#
####.##o##
......o..#
.######.##.##
.........o.#
...######)##.#
...o....o....#
.....S.......#
...######.#.##


You could see 2 orc priests and an orc.

Vanquished Creatures
  2 adders (D:2)
  4 dart slugs
  2 leopard geckos (D:2)
  4 bats
  3 giant cockroaches (D:1)
  7 goblins
  4 hobgoblins
  10 jackals (D:2)
  4 kobolds
  A quokka (D:2)
  A frilled lizard (D:2)
42 creatures vanquished.

Notes
Turn   | Place    | Note
-------+----------+-------------------------------------------
     0 | D:1      | Menchi the Ghoul Fighter began the quest for the Orb.
     0 | D:1      | Reached XP level 1. HP: 19/19 MP: 0/0
   245 | D:1      | Reached XP level 2. HP: 22/26 MP: 1/1
   709 | D:2      | Reached XP level 3. HP: 32/33 MP: 2/2
   712 | D:2      | Reached skill level 4 in Fighting
   878 | D:2      | Reached skill level 1 in Dodging
   928 | D:2      | Reached XP level 4. HP: 40/40 MP: 3/3
   934 | D:2      | Found a white marble altar of Elyvilon.
   934 | D:2      | Found an iron altar of Okawaru.
   934 | D:2      | Found a hide-covered altar of Uskayaw.
   934 | D:2      | Found a shimmering altar of Xom.
   946 | D:2      | Found a radiant altar of Vehumet.
   950 | D:2      | Found a basalt altar of Yredelemnul.
  1126 | D:2      | Became a worshipper of Yredelemnul the Dark
  1404 | D:3      | Killed from afar by an orc priest

Skill      XL: |  1  2  3  4 |
---------------+-------------+-----
Long Blades    | 2 3 |  3.0
Fighting       | 4 |  4.2
Dodging        | 1 |  1.2
Armour         | |  2.6
Shields        | |  2.6

Action                   |  1- 3 |  4- 6 || total
-------------------------+-------+-------++-------
Melee: Long sword        |    86 |    39 ||   125
  Use: Potion            |       |     1 ||     1
  Eat: Chunk             |    11 |     2 ||    13
Armor: Scale mail        |    66 |    23 ||    89
Dodge: Dodged            |    50 |    24 ||    74
Block: Other             |       |     1 ||     1
       Rpst.: Long sword |    14 |     8 ||    22
